 Dungeon Crawl Stone Soup version 0.25.1-2-g60ff931df9 (webtiles) character file.

Game seed: 11428262773615940541

156 pokeman the Magician (level 5, -1/29 HPs)
             Began as a Deep Elf Wizard on Nov 23, 2020.
             Slain by an orc wizard
             ... wielding a +0 dagger
              (5 damage)
             ... on level 4 of the Dungeon.
             The game lasted 00:05:33 (3132 turns).

pokeman the Magician (Deep Elf Wizard)              Turns: 3132, Time: 00:05:34

Health: -1/29      AC:  4    Str:  4    XL:     5   Next: 14%
Magic:  3/15       EV: 11    Int: 24    God:
Gold:   184        SH:  0    Dex: 13    Spells: 5/16 levels left

rFire    . . .     SeeInvis .   f - +0 short sword (venom)
rCold    . . .     Gourm    .   (no shield)
rNeg     . . .     Faith    .   l - +0 leather armour
rPois    .         Spirit   .   b - +0 helmet (curse)
rElec    .         Reflect  .   (no cloak)
rCorr    .         Harm     .   (no gloves)
MR       .....                  (no boots)
Stlth    +.........             (no amulet)
HPRegen  0.09/turn              e - ring of wizardry
MPRegen  0.14/turn              n - ring of attention (curse)

@: very slightly contaminated
A: no striking features
a: no special abilities


You were on level 4 of the Dungeon.
You were hungry.

You visited 1 branch of the dungeon, and saw 4 of its levels.

You collected 184 gold pieces.

Inventory:

Hand Weapons
 f - a +0 short sword of venom (weapon)
Armour
 b - a cursed +0 helmet (worn)
 l - a +0 leather armour (worn)
 t - a +1 helmet
Magical Staves
 u - an uncursed staff of fire {unknown}
Jewellery
 e - a ring of wizardry (left hand)
 n - a cursed ring of attention (right hand)
Scrolls
 c - 3 scrolls of identify {unknown}
 g - a scroll of noise {unknown}
 i - 4 scrolls of remove curse {unknown}
 j - a scroll of teleportation {unknown}
 k - a scroll of random uselessness {unknown}
 p - 3 scrolls of immolation {unknown}
 q - 3 scrolls of fear {unknown}
Potions
 a - a potion of brilliance {unknown}
 h - a potion of degeneration {unknown}
 m - 3 potions of curing {unknown}
 o - a potion of heal wounds {unknown}
 r - a potion of haste {unknown}
 s - a potion of invisibility {unknown}
Comestibles
 d - 5 rations


   Skills:
 + Level 1.5 Fighting
 + Level 1.5 Armour
 - Level 2.4 Dodging
 - Level 2.4 Stealth
 * Level 6.1 Spellcasting
 + Level 2.5 Conjurations
 - Level 1.1 Summonings
 - Level 1.1 Translocations


You had 5 spell levels left.
You knew the following spells:

 Your Spells              Type           Power        Failure   Level  Hunger
a - Magic Dart            Conj           ###.         1%          1    None
b - Mephitic Cloud        Conj/Pois/Air  ##......     12%         3    #......
c - Call Imp              Summ           ##......     5%          2    None
d - Blink                 Tloc           N/A          5%          2    None
e - Conjure Flame         Conj/Fire      ##......     10%         3    #......

Your spell library contained the following spells:

 Spells                   Type           Power        Failure   Level  Hunger
 Slow                     Hex            #.......     9%          2    None


Dungeon Overview and Level Annotations

Branches:
Dungeon (4/15)
 Temple: D:4-7

Altars:
Gozag
Kikubaaqudgha


Message History

The orc wizard hits the orc priest with a +0 dagger.
You completely miss the orc priest.
The orc priest is lightly wounded.
You kill the orc priest!
Your Spellcasting skill increases to level 6!
You have reached level 5!
The orc wizard seems less confused.
The orc wizard hits you but does no damage.
The orc priest is engulfed in noxious fumes.
The orc priest appears confused.
Casting: Magic Dart (safe; 1% risk of failure)
Confirm with . or Enter, or press ? or * to list all spells.
The spell is quite dangerous to cast (12% risk of failure)!
Continue anyway?
Aiming: Mephitic Cloud (quite dangerous; 12% risk of failure)
Press: ? - help, Shift-Dir - straight line You miscast Mephitic Cloud.
You are very lightly contaminated with residual magic.
Nothing appears to happen.
The orc wizard hits you with a +0 dagger.
You die...

...# ... ##...###
#..## ##...... #...#
###........... #..##
##.......#.....
#)..####........#.....
#...#.........###....
#..)...........##....
##..@................
. #.oo......##........
..
#.......######......
... ##)...### ##.....
#... #.°o### ###..#
#... ##..## ##..
#....#...### ##..
#.........# #...
##..........# ##..#


You could see 2 orc priests and an orc wizard.

Vanquished Creatures
  An orc priest (D:4)
  2 adders (D:2)
  4 gnolls (D:2)
  An ooze (D:2)
  A dart slug (D:3)
  An orc (D:4)
  2 ball pythons
  5 bats
  A bat zombie (D:3)
  6 giant cockroaches
  8 goblins
  7 hobgoblins
  2 jackals (D:2)
  A quokka (D:2)
  A frilled lizard (D:1)
  10 kobolds
  A leopard gecko skeleton (D:2)
  10 rats
  A rat zombie (D:3)
65 creatures vanquished.

Notes
Turn   | Place    | Note
-------+----------+-------------------------------------------
     0 | D:1      | pokeman the Deep Elf Wizard began the quest for the Orb.
     0 | D:1      | Reached XP level 1. HP: 10/10 MP: 7/7
   272 | D:1      | Reached XP level 2. HP: 12/15 MP: 1/9
   707 | D:1      | Reached skill level 5 in Spellcasting
   926 | D:1      | Reached XP level 3. HP: 20/20 MP: 8/11
   931 | D:1      | Learned a level 3 spell: Mephitic Cloud
   934 | D:1      | Learned a level 2 spell: Call Imp
   937 | D:1      | Learned a level 2 spell: Blink
   941 | D:1      | Learned a level 3 spell: Conjure Flame
  1261 | D:2      | Reached skill level 1 in Fighting
  1268 | D:2      | Reached skill level 1 in Armour
  1275 | D:2      | Reached XP level 4. HP: 10/25 MP: 1/13
  1919 | D:2      | Found an opulent altar of Gozag.
  3033 | D:3      | Found an ancient bone altar of Kikubaaqudgha.
  3131 | D:4      | Reached skill level 6 in Spellcasting
  3131 | D:4      | Reached XP level 5. HP: 4/29 MP: 6/15
  3132 | D:4      | Slain by an orc wizard

Illustrated notes

Levels and vault maps discovered:
D:1:      dpeg_arrival_concentric_ovals, layout_basic
D:2:      layout_basic, nicolae_gozag_cash_rules_everything_around_me
D:3:      layout_basic, lemuel_zombie_altar_kikubaaqudgha, first_ration
D:4:      layout_layer_cave, lemuel_crystal_altar, makhleb_blood_cavern_becter,
          enter_ossuary_5, nicolae_alphabet_shops, st_stairs_7,
          minmay_fire_ice_demons

Skill      XL: |  1  2  3  4 |
---------------+-------------+-----
Spellcasting   | 5 6 |  6.1
Fighting       | 1 |  1.5
Armour         | 1 |  1.5
Conjurations   | 2 |  2.5
Dodging        | |  2.4
Stealth        | |  2.4
Summonings     | |  1.1
Translocations | |  1.1

Action                   |  1- 3 |  4- 6 || total
-------------------------+-------+-------++-------
Melee: Short sword       |    11 |     5 ||    16
 Cast: Magic Dart        |    69 |    67 ||   136
       Mephitic Cloud    |     3 |     2 ||     5
       Conjure Flame     |     1 |       ||     1
 Stab: Confused          |     3 |     1 ||     4
  Eat: Chunk             |     1 |     5 ||     6
Armor: Robe              |     1 |       ||     1
       Leather armour    |     5 |     2 ||     7
Dodge: Dodged            |     7 |     9 ||    16
